Golden Seals vs Avalanche

Created - 7 mai 2024 at 17:20

Goals
1 2 3 T
Golden Seals 2 3 1 6
Avalanche 0 3 1 4
Shots
1 2 3 T
Golden Seals 11 10 11 32
Avalanche 15 8 14 37

GoalsPenalties
1st period
1. Golden Seals , William Karlsson 1 (Jaden Schwartz 1) at 9:34
2. Golden Seals , William Karlsson 2 (Jaden Schwartz 2, Max Domi 1) at 14:38
Ondrej Kase (CLF) for Interference (Minor) at 19:12
2nd period
3. Avalanche , Adam Henrique 1 (Zach Parise 1, Gustav Forsling 1) at 1:05 (PP)
4. Golden Seals , Nick Suzuki 1 (Tyler Toffoli 1, Jason Robertson 1) at 4:00
5. Avalanche , Ilya Mikheyev 1 (Brayden Point 1, Ivan Barbashev 1) at 4:32
6. Golden Seals , Max Domi 2 (Jake McCabe 1, Cody Ceci 1) at 5:11
7. Avalanche , Nino Niederreiter 1 (Sean Durzi 2, Nicolas Roy 1) at 8:07
8. Golden Seals , Bobby Brink 1 (Jonathan Toews 1, Jake McCabe 2) at 8:45
No Penalty
3rd period
9. Golden Seals , Nick Suzuki 2 (Jason Robertson 2) at 15:37
10. Avalanche , Matt Roy 1 (Gustav Nyquist 1, Nino Niederreiter 1) at 15:59
No Penalty
Goalie Stats
Andrei Vasilevskiy (CLF), 33 saves from 37 shots - (0,892), W, 2-0-0, 60:00 minutes
Thatcher Demko (COL), 16 saves from 18 shots - (0,889), L, 0-2-0, 34:49 minutes
Vitek Vanecek (COL), 10 saves from 14 shots - (0,714), 25:11 minutes
3 StarsOfficial
1 - Nick Suzuki (CLF)
2 - William Karlsson (CLF)
3 - Nino Niederreiter (COL)
Referees : Corey Syvret and Troy Paterson
Linesman : Brandon Gawryletz and Brad Kovachik
Game Note
Thatcher Demko enters game at 5:11 of 2nd period
Finance
Level 1 -- Attendance: 6000 (100,00%) -- Ticket Income $600,000
Level 2 -- Attendance: 4286 (85,72%) -- Ticket Income $300,020
Level 3 -- Attendance: 1759 (87,95%) -- Ticket Income $82,673
Level 4 -- Attendance: 2766 (69,15%) -- Ticket Income $96,810
Luxury Box -- Attendance: 1000 (100,00%) -- Ticket Income $160,000
Game was played at the Pepsi Center.
Total Attendance: 15811 (87,84%)
Total Ticket Income: $1,239,503
Other Income: $607,356
Total Income: $1,846,859



Team Name Goals Shots Shots Attemp Shots Blocked PIM HIT PP PK FO%
Golden Seals 63262152130 / 0 (0,00%143%
Avalanche 43782100251 / 1 (100%)057%

Golden Seals
Player Name POS G A P +/- PIM HIT SHT SB MP PP MP PP SHT PK MP PK SHT FO% FOT GA TA
Barclay GoodrowC/LW/RW000001008:290:0001:07025% 400
Bobby BrinkRW1011003013:310:0000:0000% 100
Cody CeciD0112021121:250:0001:2600% 001
Colton ParaykoD0002001023:340:0001:2600% 000
Dmitry KulikovD0002030122:300:0000:2700% 003
Dysin MayoD000-1001016:260:0000:2700% 000
Jaden SchwartzLW/RW0220011016:330:0000:0000% 110
Jake McCabeD0222011419:490:0000:0000% 000
Jason RobertsonLW/RW0222007020:330:0000:0000% 321
Jonatan BerggrenC/LW/RW000000007:200:0000:0000% 010
Jonathan ToewsC0111012014:350:0001:07053% 1500
Max DomiC/LW1120003116:340:0000:00050% 200
Nick SuzukiC/RW2022012321:500:0000:46036% 3300
Ondrej KaseLW/RW000020107:190:0000:0000% 000
Robby FabbriC/LW/RW0001020113:400:0000:0000% 001
Ryan SuterD000-1000216:000:0000:0000% 000
Tyler ToffoliC/LW/RW0112013020:330:0000:00050% 211
William KarlssonC2020006217:250:0000:46067% 1500
Avalanche
Player Name POS G A P +/- PIM HIT SHT SB MP PP MP PP SHT PK MP PK SHT FO% FOT GA TA
Adam HenriqueC/LW/RW101-2022116:441:0610:00052% 2101
Andrew CoppC/LW000-201008:440:0000:00071% 700
Brayden PointC/LW/RW0110004017:390:4710:00061% 1811
Eric StaalC/LW000-200008:080:0000:0000% 000
Gustav ForslingD011-2011324:471:5200:0000% 000
Gustav NyquistLW/RW0111007017:060:0000:00050% 210
Ilya MikheyevLW/RW1010004117:390:4710:00050% 230
Ivan BarbashevC/LW011-2012016:030:0000:000100% 100
Jake SandersonD000-1011124:471:5200:0000% 001
Josh AndersonLW/RW000-2034017:091:0600:0000% 101
Mathieu JosephC/LW/RW000-200108:150:0000:0000% 100
Matt RoyD1010011017:170:0000:0000% 000
Nicolas RoyC/RW0111032117:060:0000:00057% 2100
Nino NiederreiterLW/RW1121054017:300:4700:000100% 111
Ryan McDonaghD000-1010017:550:0000:0000% 010
Samuel GirardD000-1000217:180:0100:0000% 000
Sean DurziD011-1033117:560:0100:0000% 000
Zach PariseLW/RW0110031017:571:0600:0000% 100

Golden Seals

5 vs 5 Forward
Line #Left WingCenterRight WingPHYDFOFWanted %Time %Time Play
1Tyler ToffoliNick SuzukiJason Robertson0323735%20:33
2Max DomiWilliam KarlssonJaden Schwartz0323030%17:10
3Robby FabbriJonathan ToewsBobby Brink0232323%13:31
4Jonatan BerggrenBarclay GoodrowOndrej Kase0321012%6:53
5 vs 5 Defense
Line #DefenseDefensePHYDFOFWanted %Time %Time Play
1Colton ParaykoDmitry Kulikov0413838%21:50
2Cody CeciJake McCabe0413535%20:32
3Ryan SuterDysin Mayo0412727%15:45
4Cody CeciJake McCabe13100%0:00
Power Play Forward
Line #Left WingCenterRight WingPHYDFOFWanted %Time %Time Play
1Tyler ToffoliNick SuzukiJason Robertson005600%0:00
2Max DomiWilliam KarlssonJaden Schwartz005400%0:00
Power Play Defense
Line #DefenseDefensePHYDFOFWanted %Time %Time Play
1Jonathan ToewsColton Parayko014600%0:00
2Robby FabbriJake McCabe014400%0:00
Penalty Kill 4 Players Forward
Line #CenterWingPHYDFOFWanted %Time %Time Play
1Jonathan ToewsBarclay Goodrow1405559%1:07
2William KarlssonOndrej Kase1404541%0:46
Penalty Kill 4 Players Defense
Line #DefenseDefensePHYDFOFWanted %Time %Time Play
1Colton ParaykoCody Ceci1406076%1:26
2Dmitry KulikovDysin Mayo1404024%0:27
Penalty Kill 3 Players
Line #WingPHYDFOFWanted %Time %Time PlayDefenseDefensePHYDFOFWanted %Time %Time Play
1Jonathan Toews050550%0:00 Colton ParaykoCody Ceci050600%0:00
2William Karlsson050450%0:00 Dmitry KulikovJake McCabe050400%0:00
4 vs 4 Forward
Line #CenterWingPHYDFOFWanted %Time %Time Play
1Nick SuzukiJason Robertson122600%0:00
2William KarlssonTyler Toffoli122400%0:00
4 vs 4 Defense
Line #DefensePHYDFOFWanted %Time %Time Play
1Colton ParaykoJake McCabe131600%0:00
2Cody CeciDmitry Kulikov131400%0:00
Last Minutes Offensive
Left WingCenterRight WingDefenseDefense
Tyler ToffoliNick SuzukiJason RobertsonWilliam KarlssonJonathan Toews
Last Minutes Defensive
Left WingCenterRight WingDefenseDefense
Barclay GoodrowWilliam KarlssonNick SuzukiColton ParaykoDmitry Kulikov
Time
Total ForwardTotal DefenseLast Minutes OffensiveLast Minutes Defensive
60:00 60:00 0:000:00
Extra Forwards
Normal PowerPlayPenalty Kill
Ondrej Kase, Jonatan Berggren, Barclay GoodrowJonatan Berggren, Bobby BrinkNick Suzuki
Extra Defensemen
Normal PowerPlayPenalty Kill
Ryan Suter, Dmitry Kulikov, Jake McCabeRyan Suter, Jake McCabeRyan Suter
Penalty Shots
Nick Suzuki, Jason Robertson, Tyler Toffoli, Jonathan Toews, William Karlsson
Goalie
Andrei Vasilevskiy, Pheonix Copley
Custom OT Lines Forwards
Nick Suzuki, Jason Robertson, Tyler Toffoli, Jonathan Toews, William Karlsson, Max Domi, Jaden Schwartz, Robby Fabbri, Jonatan Berggren, Bobby Brink
Custom OT Lines Defensemen
Colton Parayko, Jake McCabe, Ryan Suter, Cody Ceci, Dmitry Kulikov
Scratches
Kurtis MacDermid (Healthy), Nick Cousins (Healthy), Robert Hagg (Healthy)

Avalanche

5 vs 5 Forward
Line #Left WingCenterRight WingPHYDFOFWanted %Time %Time Play
1Ivan BarbashevAdam HenriqueJosh Anderson0233027%15:38
2Ilya MikheyevBrayden PointZach Parise0233030%17:38
3Gustav NyquistNicolas RoyNino Niederreiter0233029%16:43
4Eric StaalAndrew CoppMathieu Joseph0321014%8:08
5 vs 5 Defense
Line #DefenseDefensePHYDFOFWanted %Time %Time Play
1Ryan McDonaghSean Durzi0323031%17:55
2Samuel GirardGustav Forsling0323030%17:17
3Jake SandersonMatt Roy0323030%17:17
4Jake SandersonGustav Forsling0321010%5:38
Power Play Forward
Line #Left WingCenterRight WingPHYDFOFWanted %Time %Time Play
1Ilya MikheyevBrayden PointNino Niederreiter0145242%0:47
2Zach PariseAdam HenriqueJosh Anderson0144858%1:06
Power Play Defense
Line #DefenseDefensePHYDFOFWanted %Time %Time Play
1Gustav ForslingJake Sanderson0235299%1:52
2Sean DurziSamuel Girard023481%0:01
Penalty Kill 4 Players Forward
Line #CenterWingPHYDFOFWanted %Time %Time Play
1Andrew CoppMathieu Joseph041550%0:00
2Nicolas RoyEric Staal041450%0:00
Penalty Kill 4 Players Defense
Line #DefenseDefensePHYDFOFWanted %Time %Time Play
1Ryan McDonaghGustav Forsling041550%0:00
2Jake SandersonMatt Roy041450%0:00
Penalty Kill 3 Players
Line #WingPHYDFOFWanted %Time %Time PlayDefenseDefensePHYDFOFWanted %Time %Time Play
1Andrew Copp050550%0:00 Ryan McDonaghGustav Forsling050550%0:00
2Nicolas Roy050450%0:00 Jake SandersonMatt Roy050450%0:00
4 vs 4 Forward
Line #CenterWingPHYDFOFWanted %Time %Time Play
1Adam HenriqueBrayden Point023600%0:00
2Andrew CoppNicolas Roy023400%0:00
4 vs 4 Defense
Line #DefensePHYDFOFWanted %Time %Time Play
1Ryan McDonaghGustav Forsling032600%0:00
2Matt RoySamuel Girard131400%0:00
Last Minutes Offensive
Left WingCenterRight WingDefenseDefense
Brayden PointAdam HenriqueIlya MikheyevRyan McDonaghGustav Forsling
Last Minutes Defensive
Left WingCenterRight WingDefenseDefense
Mathieu JosephAndrew CoppZach PariseRyan McDonaghGustav Forsling
Time
Total ForwardTotal DefenseLast Minutes OffensiveLast Minutes Defensive
60:00 60:00 0:000:00
Extra Forwards
Normal PowerPlayPenalty Kill
Nicolas Roy, Andrew Copp, Ivan BarbashevNicolas Roy, Andrew CoppNicolas Roy
Extra Defensemen
Normal PowerPlayPenalty Kill
Samuel Girard, Sean Durzi, Matt RoySamuel Girard, Samuel GirardSean Durzi
Penalty Shots
Gustav Nyquist, Matt Roy, Mathieu Joseph, Zach Parise, Brayden Point
Goalie
Vitek Vanecek, Thatcher Demko
Custom OT Lines Forwards
Brayden Point, Zach Parise, Josh Anderson, Nino Niederreiter, Nicolas Roy, Andrew Copp, Ivan Barbashev, Gustav Nyquist, Ilya Mikheyev, Mathieu Joseph
Custom OT Lines Defensemen
Ryan McDonagh, Gustav Forsling, Jake Sanderson, Samuel Girard, Sean Durzi
Scratches
Mason Appleton (Healthy), Juuso Parssinen (Healthy)


Play-by-Play

1st period


0:01 of 1st period - Nick Suzuki wins face-off versus Adam Henrique in neutral zone.
0:45 of 1st period - Off-side.
0:46 of 1st period - Jonathan Toews wins face-off versus Nicolas Roy in neutral zone.
0:57 of 1st period - Snap shot by Bobby Brink.
0:57 of 1st period - Stopped by Vitek Vanecek without a rebound.
0:58 of 1st period - Barclay Goodrow wins face-off versus Mathieu Joseph in Avalanche zone.
0:59 of 1st period - Snap shot by Jonatan Berggren.
0:59 of 1st period - Shot Blocked by Jake Sanderson.
1:01 of 1st period - Wrist shot by Barclay Goodrow.
1:01 of 1st period - Shot Misses the Net.
1:03 of 1st period - Slapshot by Dysin Mayo.
1:03 of 1st period - Shot Misses the Net.
1:05 of 1st period - Snap shot by Ondrej Kase.
1:05 of 1st period - Stopped by Vitek Vanecek without a rebound.
1:06 of 1st period - Andrew Copp wins face-off versus Barclay Goodrow in Avalanche zone.
1:13 of 1st period - Wrist shot by Mathieu Joseph.
1:13 of 1st period - Stopped by Andrei Vasilevskiy without a rebound.
1:14 of 1st period - Nicolas Roy wins face-off versus Nick Suzuki in Golden Seals zone.
1:31 of 1st period - Snap shot by Jason Robertson.
1:31 of 1st period - Shot Misses the Net.
1:51 of 1st period - Slapshot by Ivan Barbashev.
1:51 of 1st period - Shot Misses the Net.
1:53 of 1st period - Wrist shot by Josh Anderson.
1:53 of 1st period - Stopped by Andrei Vasilevskiy without a rebound.
1:54 of 1st period - William Karlsson wins face-off versus Brayden Point in Golden Seals zone.
2:05 of 1st period - Wrist shot by William Karlsson.
2:05 of 1st period - Stopped by Vitek Vanecek without a rebound.
2:06 of 1st period - Adam Henrique wins face-off versus Jonathan Toews in Avalanche zone.
2:19 of 1st period - Slapshot by Adam Henrique.
2:19 of 1st period - Shot Blocked by Robby Fabbri.
2:21 of 1st period - Snap shot by Josh Anderson.
2:21 of 1st period - Stopped by Andrei Vasilevskiy without a rebound.
2:22 of 1st period - William Karlsson wins face-off versus Brayden Point in Golden Seals zone.
3:17 of 1st period - Backhand shot by Nick Suzuki.
3:17 of 1st period - Shot Misses the Net.
3:19 of 1st period - Slapshot by Dysin Mayo.
3:19 of 1st period - Deflect By Adam Henrique.
3:19 of 1st period - Stopped by Vitek Vanecek with a rebound.
3:21 of 1st period - Wrist shot by Jason Robertson.
3:21 of 1st period - Stopped by Vitek Vanecek with a rebound.
4:22 of 1st period - Nicolas Roy is hit by Cody Ceci and loses puck.
4:32 of 1st period - Off-side.
4:33 of 1st period - Adam Henrique wins face-off versus Nick Suzuki in neutral zone.
5:22 of 1st period - Icing by Colton Parayko.
5:23 of 1st period - Andrew Copp wins face-off versus William Karlsson in Golden Seals zone.
7:13 of 1st period - Wrist shot by Gustav Nyquist.
7:13 of 1st period - Shot Blocked by Max Domi.
7:15 of 1st period - Slapshot by Ryan McDonagh.
7:15 of 1st period - Shot Misses the Net.
7:17 of 1st period - Snap shot by Sean Durzi.
7:17 of 1st period - Deflect By Nino Niederreiter.
7:17 of 1st period - Stopped by Andrei Vasilevskiy with a rebound.
7:19 of 1st period - Slapshot by Sean Durzi.
7:19 of 1st period - Stopped by Andrei Vasilevskiy without a rebound.
7:20 of 1st period - Adam Henrique wins face-off versus Nick Suzuki in Golden Seals zone.
7:29 of 1st period - Slapshot by Tyler Toffoli.
7:29 of 1st period - Shot Misses the Net.
7:31 of 1st period - Wrist shot by Tyler Toffoli.
7:31 of 1st period - Shot Misses the Net.
7:33 of 1st period - Snap shot by Ryan Suter.
7:33 of 1st period - Shot Blocked by Samuel Girard.
8:55 of 1st period - Jason Robertson is hit by Sean Durzi and loses puck.
9:16 of 1st period - Dysin Mayo is hit by Ryan McDonagh and loses puck.
9:34 of 1st period - Snap shot by William Karlsson.
9:34 of 1st period - Goal by William Karlsson - Golden Seals : 1 - Avalanche : 0.
9:35 of 1st period - Nick Suzuki wins face-off versus Adam Henrique in neutral zone.
9:46 of 1st period - Ivan Barbashev is hit by Nick Suzuki and loses puck.
10:32 of 1st period - Slapshot by Gustav Nyquist.
10:32 of 1st period - Shot Misses the Net.
10:54 of 1st period - Cody Ceci is hit by Sean Durzi and loses puck.
11:12 of 1st period - Off-side.
11:13 of 1st period - Ilya Mikheyev wins face-off versus Nick Suzuki in neutral zone.
11:16 of 1st period - Wrist shot by Ilya Mikheyev.
11:16 of 1st period - Shot Misses the Net.
11:18 of 1st period - Wrist shot by Matt Roy.
11:18 of 1st period - Shot Misses the Net.
11:20 of 1st period - Slapshot by Jake Sanderson.
11:20 of 1st period - Stopped by Andrei Vasilevskiy without a rebound.
11:21 of 1st period - Adam Henrique wins face-off versus Nick Suzuki in Golden Seals zone.
11:39 of 1st period - Icing by Colton Parayko.
11:40 of 1st period - Nino Niederreiter wins face-off versus Tyler Toffoli in Golden Seals zone.
11:41 of 1st period - Snap shot by Gustav Nyquist.
11:41 of 1st period - Stopped by Andrei Vasilevskiy without a rebound.
11:42 of 1st period - Nick Suzuki wins face-off versus Gustav Nyquist in Golden Seals zone.
11:53 of 1st period - Slapshot by Jason Robertson.
11:53 of 1st period - Stopped by Vitek Vanecek with a rebound.
12:11 of 1st period - Slapshot by Nino Niederreiter.
12:11 of 1st period - Shot Misses the Net.
12:13 of 1st period - Snap shot by Zach Parise.
12:13 of 1st period - Stopped by Andrei Vasilevskiy with a rebound.
12:15 of 1st period - Snap shot by Brayden Point.
12:15 of 1st period - Stopped by Andrei Vasilevskiy without a rebound.
12:16 of 1st period - Brayden Point wins face-off versus Max Domi in Golden Seals zone.
12:23 of 1st period - Slapshot by Ilya Mikheyev.
12:23 of 1st period - Shot Misses the Net.
13:01 of 1st period - Off-side.
13:02 of 1st period - Nicolas Roy wins face-off versus Jonathan Toews in neutral zone.
13:24 of 1st period - Icing by Nino Niederreiter.
13:25 of 1st period - Nicolas Roy wins face-off versus William Karlsson in Avalanche zone.
13:44 of 1st period - Max Domi is hit by Adam Henrique and loses puck.
14:18 of 1st period - William Karlsson is hit by Matt Roy.
14:34 of 1st period - Backhand shot by William Karlsson.
14:34 of 1st period - Shot Misses the Net.
14:36 of 1st period - Snap shot by Jaden Schwartz.
14:36 of 1st period - Deflect By William Karlsson.
14:36 of 1st period - Stopped by Vitek Vanecek with a rebound.
14:38 of 1st period - Slapshot by William Karlsson.
14:38 of 1st period - Goal by William Karlsson - Golden Seals : 2 - Avalanche : 0.
14:39 of 1st period - Brayden Point wins face-off versus Nick Suzuki in neutral zone.
15:10 of 1st period - Slapshot by Robby Fabbri.
15:10 of 1st period - Deflect By Bobby Brink.
15:10 of 1st period - Shot Misses the Net.
15:10 of 1st period - Puck is out of play.
15:11 of 1st period - Nicolas Roy wins face-off versus Jonathan Toews in Avalanche zone.
15:58 of 1st period - Ondrej Kase is hit by Adam Henrique and loses puck.
16:25 of 1st period - Icing by Max Domi.
16:26 of 1st period - Jonathan Toews wins face-off versus Nicolas Roy in Golden Seals zone.
16:30 of 1st period - Off-side.
16:31 of 1st period - Nicolas Roy wins face-off versus Bobby Brink in neutral zone.
16:41 of 1st period - Snap shot by Gustav Nyquist.
16:41 of 1st period - Stopped by Andrei Vasilevskiy with a rebound.
16:55 of 1st period - Snap shot by Gustav Nyquist.
16:55 of 1st period - Shot Misses the Net.
17:03 of 1st period - Wrist shot by Gustav Nyquist.
17:03 of 1st period - Deflect By Nicolas Roy.
17:03 of 1st period - Shot Misses the Net.
17:03 of 1st period - Puck is out of play.
17:04 of 1st period - Brayden Point wins face-off versus Jason Robertson in Golden Seals zone.
17:05 of 1st period - Wrist shot by Ilya Mikheyev.
17:05 of 1st period - Stopped by Andrei Vasilevskiy without a rebound.
17:06 of 1st period - Brayden Point wins face-off versus Jason Robertson in Golden Seals zone.
17:13 of 1st period - Backhand shot by Brayden Point.
17:13 of 1st period - Stopped by Andrei Vasilevskiy without a rebound.
17:14 of 1st period - Brayden Point wins face-off versus Nick Suzuki in Golden Seals zone.
17:29 of 1st period - Snap shot by Tyler Toffoli.
17:29 of 1st period - Shot Blocked by Ilya Mikheyev.
17:51 of 1st period - Slapshot by Ilya Mikheyev.
17:51 of 1st period - Stopped by Andrei Vasilevskiy with a rebound.
17:53 of 1st period - Snap shot by Brayden Point.
17:53 of 1st period - Shot Blocked by Dmitry Kulikov.
18:02 of 1st period - Off-side.
18:03 of 1st period - Max Domi wins face-off versus Nicolas Roy in neutral zone.
18:28 of 1st period - Adam Henrique is hit by Jonathan Toews and loses puck.
18:33 of 1st period - Wrist shot by Jonathan Toews.
18:33 of 1st period - Stopped by Vitek Vanecek with a rebound.
18:35 of 1st period - Slapshot by Jake McCabe.
18:35 of 1st period - Stopped by Vitek Vanecek with a rebound.
18:48 of 1st period - Icing by Jonathan Toews.
18:49 of 1st period - Andrew Copp wins face-off versus Barclay Goodrow in Golden Seals zone.
18:50 of 1st period - Snap shot by Mathieu Joseph.
18:50 of 1st period - Deflect By Eric Staal.
18:50 of 1st period - Shot Misses the Net.
18:50 of 1st period - Puck is out of play.
18:51 of 1st period - Andrew Copp wins face-off versus Barclay Goodrow in Golden Seals zone.
19:12 of 1st period - Minor Penalty to Ondrej Kase for Interference.
19:13 of 1st period - Brayden Point wins face-off versus Jonathan Toews in Golden Seals zone.
19:24 of 1st period - Wrist shot by Nino Niederreiter.
19:24 of 1st period - Deflect By Ilya Mikheyev.
19:24 of 1st period - Stopped by Andrei Vasilevskiy with a rebound.
19:26 of 1st period - Snap shot by Gustav Forsling.
19:26 of 1st period - Shot Misses the Net.
19:30 of 1st period - Wrist shot by Nino Niederreiter.
19:30 of 1st period - Deflect By Brayden Point.
19:30 of 1st period - Stopped by Andrei Vasilevskiy without a rebound.
19:31 of 1st period - Jonathan Toews wins face-off versus Adam Henrique in Golden Seals zone.
19:31 of 1st period - Jonathan Toews is hit by Josh Anderson.
19:57 of 1st period - Nick Suzuki is hit by Nino Niederreiter and loses puck.
Goals for this period are 2 for Golden Seals vs 0 for Avalanche.
Shots for this period are 11 for Golden Seals vs 15 for Avalanche.

2nd period


0:01 of 2nd period - Jonathan Toews wins face-off versus Ilya Mikheyev in neutral zone.
0:26 of 2nd period - Josh Anderson is hit by Cody Ceci and loses puck.
1:03 of 2nd period - Wrist shot by Zach Parise.
1:03 of 2nd period - Shot Blocked by Nick Suzuki.
1:05 of 2nd period - Wrist shot by Adam Henrique.
1:05 of 2nd period - Goal by Adam Henrique - Golden Seals : 2 - Avalanche : 1.
1:06 of 2nd period - Gustav Nyquist wins face-off versus Jason Robertson in neutral zone.
1:21 of 2nd period - Wrist shot by Nino Niederreiter.
1:21 of 2nd period - Shot Blocked by Cody Ceci.
1:55 of 2nd period - Jonathan Toews is hit by Zach Parise and loses puck.
2:21 of 2nd period - Off-side.
2:22 of 2nd period - Brayden Point wins face-off versus Nick Suzuki in neutral zone.
2:49 of 2nd period - Brayden Point is hit by Robby Fabbri and loses puck.
3:02 of 2nd period - Wrist shot by Robby Fabbri.
3:02 of 2nd period - Shot Misses the Net.
3:16 of 2nd period - Snap shot by Nino Niederreiter.
3:16 of 2nd period - Deflect By Nicolas Roy.
3:16 of 2nd period - Stopped by Andrei Vasilevskiy with a rebound.
3:18 of 2nd period - Snap shot by Nino Niederreiter.
3:18 of 2nd period - Shot Blocked by William Karlsson.
3:20 of 2nd period - Slapshot by Gustav Forsling.
3:20 of 2nd period - Stopped by Andrei Vasilevskiy with a rebound.
3:22 of 2nd period - Wrist shot by Gustav Nyquist.
3:22 of 2nd period - Stopped by Andrei Vasilevskiy without a rebound.
3:23 of 2nd period - Adam Henrique wins face-off versus Nick Suzuki in Golden Seals zone.
3:48 of 2nd period - Jason Robertson is hit by Andrew Copp.
4:00 of 2nd period - Backhand shot by Nick Suzuki.
4:00 of 2nd period - Goal by Nick Suzuki - Golden Seals : 3 - Avalanche : 1.
4:01 of 2nd period - Nicolas Roy wins face-off versus William Karlsson in neutral zone.
4:10 of 2nd period - Wrist shot by Nicolas Roy.
4:10 of 2nd period - Shot Misses the Net.
4:12 of 2nd period - Snap shot by Nicolas Roy.
4:12 of 2nd period - Shot Blocked by Ryan Suter.
4:14 of 2nd period - Wrist shot by Nicolas Roy.
4:14 of 2nd period - Shot Misses the Net.
4:16 of 2nd period - Slapshot by Matt Roy.
4:16 of 2nd period - Shot Blocked by Ryan Suter.
4:32 of 2nd period - Snap shot by Ilya Mikheyev.
4:32 of 2nd period - Goal by Ilya Mikheyev - Golden Seals : 3 - Avalanche : 2.
4:33 of 2nd period - Adam Henrique wins face-off versus Nick Suzuki in neutral zone.
4:35 of 2nd period - Off-side.
4:36 of 2nd period - Adam Henrique wins face-off versus Nick Suzuki in neutral zone.
4:45 of 2nd period - Snap shot by Adam Henrique.
4:45 of 2nd period - Shot Blocked by Jake McCabe.
4:47 of 2nd period - Slapshot by Adam Henrique.
4:47 of 2nd period - Shot Misses the Net.
5:03 of 2nd period - Snap shot by Max Domi.
5:03 of 2nd period - Shot Blocked by Gustav Forsling.
5:05 of 2nd period - Wrist shot by William Karlsson.
5:05 of 2nd period - Stopped by Vitek Vanecek with a rebound.
5:07 of 2nd period - Slapshot by Cody Ceci.
5:07 of 2nd period - Shot Misses the Net.
5:11 of 2nd period - Wrist shot by Max Domi.
5:11 of 2nd period - Goal by Max Domi - Golden Seals : 4 - Avalanche : 2.
5:11 of 2nd period - Thatcher Demko enters game.
5:12 of 2nd period - Nick Suzuki wins face-off versus Adam Henrique in neutral zone.
5:19 of 2nd period - Snap shot by Tyler Toffoli.
5:19 of 2nd period - Shot Blocked by Adam Henrique.
5:56 of 2nd period - Snap shot by Max Domi.
5:56 of 2nd period - Stopped by Thatcher Demko without a rebound.
5:57 of 2nd period - William Karlsson wins face-off versus Nicolas Roy in Avalanche zone.
6:24 of 2nd period - Ryan Suter is hit by Zach Parise and loses puck.
7:05 of 2nd period - Slapshot by Mathieu Joseph.
7:05 of 2nd period - Shot Misses the Net.
7:07 of 2nd period - Slapshot by Eric Staal.
7:07 of 2nd period - Shot Blocked by Jake McCabe.
7:09 of 2nd period - Snap shot by Andrew Copp.
7:09 of 2nd period - Deflect By Mathieu Joseph.
7:09 of 2nd period - Deflect By Barclay Goodrow.
7:09 of 2nd period - Shot Hit the Post.
7:09 of 2nd period - Puck is out of play.
7:10 of 2nd period - Andrew Copp wins face-off versus Nick Suzuki in Golden Seals zone.
7:11 of 2nd period - Wrist shot by Jake Sanderson.
7:11 of 2nd period - Shot Misses the Net.
7:37 of 2nd period - Max Domi is hit by Jake Sanderson and loses puck.
7:42 of 2nd period - Wrist shot by Gustav Nyquist.
7:42 of 2nd period - Stopped by Andrei Vasilevskiy without a rebound.
7:43 of 2nd period - William Karlsson wins face-off versus Nicolas Roy in Golden Seals zone.
7:48 of 2nd period - Cody Ceci is hit by Nino Niederreiter.
8:00 of 2nd period - Jake McCabe is hit by Sean Durzi and loses puck.
8:05 of 2nd period - Slapshot by Nicolas Roy.
8:05 of 2nd period - Shot Misses the Net.
8:07 of 2nd period - Slapshot by Sean Durzi.
8:07 of 2nd period - Deflect By Nino Niederreiter.
8:07 of 2nd period - Goal by Nino Niederreiter - Golden Seals : 4 - Avalanche : 3.
8:08 of 2nd period - Nick Suzuki wins face-off versus Brayden Point in neutral zone.
8:25 of 2nd period - Snap shot by Brayden Point.
8:25 of 2nd period - Shot Misses the Net.
8:43 of 2nd period - Slapshot by Jonathan Toews.
8:43 of 2nd period - Stopped by Thatcher Demko with a rebound.
8:45 of 2nd period - Snap shot by Bobby Brink.
8:45 of 2nd period - Goal by Bobby Brink - Golden Seals : 5 - Avalanche : 3.
8:46 of 2nd period - Adam Henrique wins face-off versus Nick Suzuki in neutral zone.
9:13 of 2nd period - Matt Roy is hit by Dmitry Kulikov and loses puck.
9:35 of 2nd period - Snap shot by Ivan Barbashev.
9:35 of 2nd period - Stopped by Andrei Vasilevskiy without a rebound.
9:36 of 2nd period - Jonathan Toews wins face-off versus Nicolas Roy in Golden Seals zone.
10:11 of 2nd period - Icing by Colton Parayko.
10:12 of 2nd period - Nicolas Roy wins face-off versus Nick Suzuki in Golden Seals zone.
10:13 of 2nd period - Wrist shot by Gustav Nyquist.
10:13 of 2nd period - Shot Misses the Net.
10:21 of 2nd period - Wrist shot by Nick Suzuki.
10:21 of 2nd period - Shot Blocked by Gustav Forsling.
10:23 of 2nd period - Snap shot by Nick Suzuki.
10:23 of 2nd period - Shot Blocked by Nicolas Roy.
10:25 of 2nd period - Slapshot by Colton Parayko.
10:25 of 2nd period - Shot Misses the Net.
10:27 of 2nd period - Slapshot by Colton Parayko.
10:27 of 2nd period - Stopped by Thatcher Demko with a rebound.
10:47 of 2nd period - Snap shot by Tyler Toffoli.
10:47 of 2nd period - Deflect By Jason Robertson.
10:47 of 2nd period - Stopped by Thatcher Demko with a rebound.
11:22 of 2nd period - Dmitry Kulikov is hit by Nicolas Roy and loses puck.
11:29 of 2nd period - Samuel Girard is hit by Dmitry Kulikov and loses puck.
12:13 of 2nd period - Slapshot by Nick Suzuki.
12:13 of 2nd period - Deflect By Jason Robertson.
12:13 of 2nd period - Stopped by Thatcher Demko with a rebound.
12:15 of 2nd period - Slapshot by Tyler Toffoli.
12:15 of 2nd period - Shot Misses the Net.
12:17 of 2nd period - Slapshot by Dmitry Kulikov.
12:17 of 2nd period - Shot Misses the Net.
12:19 of 2nd period - Slapshot by Tyler Toffoli.
12:19 of 2nd period - Stopped by Thatcher Demko without a rebound.
12:20 of 2nd period - William Karlsson wins face-off versus Brayden Point in Avalanche zone.
12:24 of 2nd period - Slapshot by Jaden Schwartz.
12:24 of 2nd period - Shot Misses the Net.
14:08 of 2nd period - Ryan McDonagh is hit by Barclay Goodrow and loses puck.
17:57 of 2nd period - Mathieu Joseph is hit by Jaden Schwartz and loses puck.
18:10 of 2nd period - Barclay Goodrow is hit by Josh Anderson and loses puck.
19:18 of 2nd period - Dysin Mayo is hit by Gustav Forsling and loses puck.
19:31 of 2nd period - Dmitry Kulikov is hit by Nicolas Roy and loses puck.
Goals for this period are 3 for Golden Seals vs 3 for Avalanche.
Shots for this period are 10 for Golden Seals vs 8 for Avalanche.

3rd period


0:01 of 3rd period - Nick Suzuki wins face-off versus Brayden Point in neutral zone.
0:10 of 3rd period - Dysin Mayo is hit by Zach Parise and loses puck.
0:27 of 3rd period - Jaden Schwartz is hit by Ivan Barbashev and loses puck.
0:38 of 3rd period - Slapshot by Ivan Barbashev.
0:38 of 3rd period - Shot Misses the Net.
0:49 of 3rd period - Icing by William Karlsson.
0:50 of 3rd period - Jonathan Toews wins face-off versus Nicolas Roy in Golden Seals zone.
1:49 of 3rd period - Snap shot by Jason Robertson.
1:49 of 3rd period - Stopped by Thatcher Demko without a rebound.
1:50 of 3rd period - William Karlsson wins face-off versus Adam Henrique in Avalanche zone.
2:03 of 3rd period - Slapshot by Jaden Schwartz.
2:03 of 3rd period - Stopped by Thatcher Demko with a rebound.
2:05 of 3rd period - Snap shot by Jaden Schwartz.
2:05 of 3rd period - Shot Blocked by Gustav Forsling.
2:21 of 3rd period - Snap shot by Ilya Mikheyev.
2:21 of 3rd period - Deflect By Brayden Point.
2:21 of 3rd period - Stopped by Andrei Vasilevskiy without a rebound.
2:22 of 3rd period - Brayden Point wins face-off versus Nick Suzuki in Golden Seals zone.
2:55 of 3rd period - Snap shot by Brayden Point.
2:55 of 3rd period - Shot Misses the Net.
3:07 of 3rd period - Wrist shot by Adam Henrique.
3:07 of 3rd period - Stopped by Andrei Vasilevskiy with a rebound.
3:09 of 3rd period - Snap shot by Josh Anderson.
3:09 of 3rd period - Deflect By Robby Fabbri.
3:09 of 3rd period - Shot Hit the Post.
3:09 of 3rd period - Puck is out of play.
3:10 of 3rd period - Adam Henrique wins face-off versus Jonathan Toews in Golden Seals zone.
3:15 of 3rd period - Wrist shot by Ivan Barbashev.
3:15 of 3rd period - Shot Misses the Net.
3:17 of 3rd period - Slapshot by Samuel Girard.
3:17 of 3rd period - Deflect By Josh Anderson.
3:17 of 3rd period - Stopped by Andrei Vasilevskiy without a rebound.
3:18 of 3rd period - Nick Suzuki wins face-off versus Adam Henrique in Golden Seals zone.
3:31 of 3rd period - Wrist shot by Adam Henrique.
3:31 of 3rd period - Deflect By Jason Robertson.
3:31 of 3rd period - Shot Misses the Net.
3:31 of 3rd period - Puck is out of play.
3:32 of 3rd period - William Karlsson wins face-off versus Zach Parise in Golden Seals zone.
3:59 of 3rd period - Adam Henrique is hit by Jake McCabe and loses puck.
5:11 of 3rd period - Off-side.
5:12 of 3rd period - Tyler Toffoli wins face-off versus Adam Henrique in neutral zone.
5:23 of 3rd period - Snap shot by Nick Suzuki.
5:23 of 3rd period - Deflect By Josh Anderson.
5:23 of 3rd period - Shot Blocked by Samuel Girard.
5:23 of 3rd period - Puck is out of play.
5:24 of 3rd period - Ivan Barbashev wins face-off versus Nick Suzuki in Avalanche zone.
5:29 of 3rd period - Slapshot by Sean Durzi.
5:29 of 3rd period - Deflect By Nick Suzuki.
5:29 of 3rd period - Stopped by Andrei Vasilevskiy without a rebound.
5:30 of 3rd period - Adam Henrique wins face-off versus Nick Suzuki in Golden Seals zone.
5:37 of 3rd period - Snap shot by Ivan Barbashev.
5:37 of 3rd period - Stopped by Andrei Vasilevskiy without a rebound.
5:38 of 3rd period - Nicolas Roy wins face-off versus Nick Suzuki in Golden Seals zone.
5:39 of 3rd period - Slapshot by Nino Niederreiter.
5:39 of 3rd period - Shot Blocked by Jake McCabe.
5:51 of 3rd period - Snap shot by Gustav Nyquist.
5:51 of 3rd period - Shot Misses the Net.
5:53 of 3rd period - Slapshot by Nino Niederreiter.
5:53 of 3rd period - Stopped by Andrei Vasilevskiy with a rebound.
7:17 of 3rd period - Backhand shot by Jason Robertson.
7:17 of 3rd period - Stopped by Thatcher Demko with a rebound.
8:02 of 3rd period - Snap shot by Bobby Brink.
8:02 of 3rd period - Stopped by Thatcher Demko with a rebound.
8:35 of 3rd period - Cody Ceci is hit by Nicolas Roy and loses puck.
8:40 of 3rd period - Snap shot by Nicolas Roy.
8:40 of 3rd period - Stopped by Andrei Vasilevskiy with a rebound.
8:42 of 3rd period - Wrist shot by Nicolas Roy.
8:42 of 3rd period - Shot Blocked by Jake McCabe.
8:44 of 3rd period - Snap shot by Gustav Nyquist.
8:44 of 3rd period - Stopped by Andrei Vasilevskiy without a rebound.
8:45 of 3rd period - Brayden Point wins face-off versus William Karlsson in Golden Seals zone.
8:58 of 3rd period - Wrist shot by William Karlsson.
8:58 of 3rd period - Stopped by Thatcher Demko without a rebound.
8:59 of 3rd period - Nicolas Roy wins face-off versus Nick Suzuki in Avalanche zone.
9:15 of 3rd period - Snap shot by Gustav Nyquist.
9:15 of 3rd period - Stopped by Andrei Vasilevskiy without a rebound.
9:16 of 3rd period - Adam Henrique wins face-off versus Jaden Schwartz in Golden Seals zone.
9:41 of 3rd period - Gustav Forsling is hit by Tyler Toffoli and loses puck.
10:02 of 3rd period - Wrist shot by Gustav Nyquist.
10:02 of 3rd period - Shot Misses the Net.
10:16 of 3rd period - Dmitry Kulikov is hit by Nino Niederreiter and loses puck.
10:35 of 3rd period - Wrist shot by Max Domi.
10:35 of 3rd period - Stopped by Thatcher Demko with a rebound.
10:42 of 3rd period - Off-side.
10:43 of 3rd period - Nick Suzuki wins face-off versus Adam Henrique in neutral zone.
10:52 of 3rd period - Slapshot by Jason Robertson.
10:52 of 3rd period - Stopped by Thatcher Demko with a rebound.
10:54 of 3rd period - Snap shot by Tyler Toffoli.
10:54 of 3rd period - Shot Misses the Net.
10:56 of 3rd period - Slapshot by Cody Ceci.
10:56 of 3rd period - Stopped by Thatcher Demko without a rebound.
10:57 of 3rd period - William Karlsson wins face-off versus Brayden Point in Avalanche zone.
11:21 of 3rd period - Icing by Max Domi.
11:22 of 3rd period - William Karlsson wins face-off versus Adam Henrique in Golden Seals zone.
11:22 of 3rd period - William Karlsson is hit by Josh Anderson.
12:09 of 3rd period - Slapshot by Samuel Girard.
12:09 of 3rd period - Shot Blocked by William Karlsson.
12:27 of 3rd period - Eric Staal is hit by Dmitry Kulikov and loses puck.
12:43 of 3rd period - Icing by Mathieu Joseph.
12:44 of 3rd period - Nick Suzuki wins face-off versus Andrew Copp in Avalanche zone.
12:51 of 3rd period - Snap shot by Nick Suzuki.
12:51 of 3rd period - Shot Misses the Net.
12:53 of 3rd period - Wrist shot by Tyler Toffoli.
12:53 of 3rd period - Stopped by Thatcher Demko without a rebound.
12:54 of 3rd period - Nick Suzuki wins face-off versus Josh Anderson in Avalanche zone.
13:22 of 3rd period - Slapshot by Dysin Mayo.
13:22 of 3rd period - Deflect By Robby Fabbri.
13:22 of 3rd period - Shot Misses the Net.
13:22 of 3rd period - Puck is out of play.
13:23 of 3rd period - Brayden Point wins face-off versus Jonathan Toews in Avalanche zone.
13:37 of 3rd period - Snap shot by Sean Durzi.
13:37 of 3rd period - Stopped by Andrei Vasilevskiy without a rebound.
13:38 of 3rd period - Nick Suzuki wins face-off versus Adam Henrique in Golden Seals zone.
13:47 of 3rd period - Snap shot by Ivan Barbashev.
13:47 of 3rd period - Shot Misses the Net.
13:53 of 3rd period - Slapshot by Ivan Barbashev.
13:53 of 3rd period - Shot Blocked by Nick Suzuki.
14:26 of 3rd period - Sean Durzi is hit by Robby Fabbri and loses puck.
15:07 of 3rd period - Slapshot by Tyler Toffoli.
15:07 of 3rd period - Stopped by Thatcher Demko without a rebound.
15:08 of 3rd period - Nick Suzuki wins face-off versus Andrew Copp in Avalanche zone.
15:37 of 3rd period - Wrist shot by Nick Suzuki.
15:37 of 3rd period - Goal by Nick Suzuki - Golden Seals : 6 - Avalanche : 3.
15:38 of 3rd period - William Karlsson wins face-off versus Nicolas Roy in neutral zone.
15:42 of 3rd period - Off-side.
15:43 of 3rd period - Nicolas Roy wins face-off versus William Karlsson in neutral zone.
15:48 of 3rd period - Max Domi is hit by Nino Niederreiter and loses puck.
15:57 of 3rd period - Wrist shot by Gustav Nyquist.
15:57 of 3rd period - Shot Misses the Net.
15:59 of 3rd period - Slapshot by Matt Roy.
15:59 of 3rd period - Goal by Matt Roy - Golden Seals : 6 - Avalanche : 4.
16:00 of 3rd period - Nicolas Roy wins face-off versus Jonathan Toews in neutral zone.
16:03 of 3rd period - Robby Fabbri is hit by Nino Niederreiter and loses puck.
16:38 of 3rd period - Wrist shot by Josh Anderson.
16:38 of 3rd period - Shot Blocked by Nick Suzuki.
16:40 of 3rd period - Wrist shot by Josh Anderson.
16:40 of 3rd period - Stopped by Andrei Vasilevskiy without a rebound.
16:41 of 3rd period - Jonathan Toews wins face-off versus Brayden Point in Golden Seals zone.
16:56 of 3rd period - Slapshot by Bobby Brink.
16:56 of 3rd period - Shot Misses the Net.
17:03 of 3rd period - Icing by Ryan McDonagh.
17:04 of 3rd period - Brayden Point wins face-off versus Nick Suzuki in Avalanche zone.
17:15 of 3rd period - Snap shot by Nick Suzuki.
17:15 of 3rd period - Shot Misses the Net.
17:17 of 3rd period - Slapshot by Cody Ceci.
17:17 of 3rd period - Deflect By Tyler Toffoli.
17:17 of 3rd period - Shot Blocked by Sean Durzi.
17:17 of 3rd period - Puck is out of play.
17:18 of 3rd period - Jonathan Toews wins face-off versus Nicolas Roy in Avalanche zone.
17:29 of 3rd period - Wrist shot by Gustav Nyquist.
17:29 of 3rd period - Shot Misses the Net.
17:31 of 3rd period - Wrist shot by Gustav Nyquist.
17:31 of 3rd period - Stopped by Andrei Vasilevskiy without a rebound.
17:32 of 3rd period - Nicolas Roy wins face-off versus Nick Suzuki in Golden Seals zone.
17:41 of 3rd period - Wrist shot by Nino Niederreiter.
17:41 of 3rd period - Stopped by Andrei Vasilevskiy with a rebound.
18:20 of 3rd period - Slapshot by William Karlsson.
18:20 of 3rd period - Shot Misses the Net.
Goals for this period are 1 for Golden Seals vs 1 for Avalanche.
Shots for this period are 11 for Golden Seals vs 14 for Avalanche.